 Dungeon Crawl Stone Soup version 0.31.0-4-g52a2dc7128 (webtiles) character file.

Game seed: 8460016366709139140

18613 groovy9 the Cleaver (level 12, 0/76 HPs)
             Began as a Gargoyle Fighter on Jan 21, 2024.
             Was an Elder of Nemelex Xobeh.
             Slain by a six-headed hydra (3 damage)
             ... on level 4 of the Lair of Beasts.
             The game lasted 00:42:47 (13010 turns).

groovy9 the Cleaver (Gargoyle Fighter)             Turns: 13010, Time: 00:42:48

Health: 0/76       AC: 24    Str: 25    XL:     12   Next: 60%
Magic:  19/19      EV: 10    Int:  9    God:    Nemelex Xobeh [****..]
Gold:   866        SH:  0    Dex: 12    Spells: 11/11 levels left

rFire   . . .        E - +0 flail
rCold   . . .        C - orb {light}
rNeg    + + .        s - +1 scale mail "Cosok" {rN+ rCorr Dex+3}
rPois   ∞            (no helmet)
rElec   +            v - +2 cloak {Will+}
rCorr   +            j - +0 pair of gloves
SInv    +            g - +0 pair of boots
Will    +....        (no amulet) Stlth
                     D - +4 ring of slaying
HPRegen 0.32/turn    m - ring of see invisible
MPRegen 0.16/turn

%: no passive effects
@: marked, hasted, glowing, studying Invocations, very quick
A: sickness immunity, AC +8, negative energy resistance 1, electricity
resistance, torment resistance 1, petrification resistance
a: Renounce Religion, Draw Escape, Draw Destruction, Draw Summoning, Triple
Draw, Deal Four


You were on level 4 of the Lair of Beasts.
You worshipped Nemelex Xobeh.
Nemelex Xobeh was greatly pleased with you.
You visited 3 branches of the dungeon, and saw 15 of its levels.

You collected 866 gold pieces.

Inventory:

Hand Weapons
 a - a +1 war axe of freezing
 E - a +0 flail (weapon)
Missiles
 q - 7 boomerangs (quivered)
Armour
 g - a +0 pair of boots (worn)
 j - a +0 pair of gloves (worn)
 s - the +1 scale mail "Cosok" (worn) {rN+ rCorr Dex+3}
   (You found it on level 11 of the Dungeon)

   Dex+3:     It affects your dexterity (+3).
   rN+:       It protects you from negative energy.
   rCorr:     It protects you from acid and corrosion.
 v - a +2 cloak of willpower (worn)
 C - an orb of light (worn)
 J - a +1 scale mail of fire resistance
Jewellery
 k - a +5 ring of evasion
 m - a ring of see invisible (right hand)
 w - a +4 ring of protection
 B - a +5 ring of evasion
 D - a +4 ring of slaying (left hand)
Wands
 c - a wand of polymorph (5)
 d - a wand of flame (10)
 n - a wand of iceblast (13)
 u - a wand of mindburst (3)
 G - a wand of quicksilver (7)
 K - a wand of charming (10)
Scrolls
 e - 2 scrolls of amnesia
 h - 4 scrolls of fog
 l - a scroll of teleportation
 p - a scroll of blinking
 r - 4 scrolls of fear
 y - 2 scrolls of brand weapon
Potions
 b - a potion of haste
 i - 3 potions of brilliance
 o - a potion of cancellation
 t - a potion of resistance
 x - 2 potions of lignification
 z - a potion of mutation
 A - a potion of attraction {unknown}
 F - 2 potions of enlightenment


   Skills:
 + Level 9.4 Fighting
 * Level 10.4 Axes
 + Level 7.0 Throwing
 + Level 9.3 Armour
 + Level 9.2 Shields
 + Level 9.9 Invocations


You had 11 spell levels left.
You didn't know any spells.
Your spell library contained the following spells:

 Spells                   Type           Power      Damage    Failure   Level
 Apportation              Tloc           0%         N/A       63%         1
 Necrotise                Necr           0%         1d4       63%         1
 Sting                    Conj/Alch      0%         1d3       63%         1
 Summon Small Mammal      Summ           0%         N/A       63%         1
 Ignite Poison            Fire/Alch      0%         N/A       100%        4
 Freezing Cloud           Conj/Ice/Air   0%         6-21      100%        5
 Cigotuvi's Dreadful Rot  Necr/Alch/Air  Unusable   N/A       N/A         2

Dungeon Overview and Level Annotations

Branches:
Dungeon (11/15)            Temple (1/1) D:7            Lair (2/5) D:11
    Orc (0/2) D:9
  Swamp: Lair:2-3    Shoals: Lair:2-3     Snake: Lair:2-3    Spider: Lair:2-3

Altars:
Ashenzari
Cheibriados
Dithmenos
Elyvilon
Fedhas
Gozag
Hepliaklqana
Kikubaaqudgha
Makhleb
Nemelex Xobeh
Okawaru
Qazlal
Ru
Sif Muna
Trog
Uskayaw
Vehumet
Wu Jian
Xom
Yredelemnul
Zin
The Shining One

Shops:
D:10 !   D:11 *


Innate Abilities, Weirdness & Mutations

You are immune to sickness and miasma.
Your stone body is resilient. (AC +8)
You are immune to poison.
You resist negative energy. (rN+)
You are resistant to electric shocks. (rElec)
You are resistant to unholy torment.
You are immune to petrification.


Message History

The elephant barely misses you.
You hit the elephant. You freeze the elephant.
The elephant is lightly wounded.
The elephant closely misses you.
The elephant trunk-slaps you but does no damage.
As you read the scroll of fear, it crumbles to dust.
You assume a fearsome visage.
The elephant looks frightened!
The elephant resists with some effort.
You draw a card...
You have drawn the Elixir.
You begin rapidly regenerating health and magic.
The six-headed hydra bites you but does no damage. x3
The six-headed hydra bites you.
* * * LOW HITPOINT WARNING * * *
The six-headed hydra bites you but does no damage. x2
Your +1 war axe of freezing stops glowing.
E - a +0 flail (weapon)
Okay, then.
You feel yourself speed up. The six-headed hydra bites you.
The six-headed hydra closely misses you.
The six-headed hydra bites you but does no damage.
The six-headed hydra barely misses you.
The six-headed hydra bites you but does no damage.
The six-headed hydra bites you!
* * * LOW HITPOINT WARNING * * *
You completely miss the six-headed hydra.
An elephant comes into view.
The six-headed hydra bites you.
* * * LOW HITPOINT WARNING * * *
The six-headed hydra closely misses you.
The six-headed hydra bites you!
* * * LOW HITPOINT WARNING * * *
The six-headed hydra bites you but does no damage. x3
You feel better.
The six-headed hydra bites you but does no damage.
The six-headed hydra bites you!
* * * LOW HITPOINT WARNING * * *
The six-headed hydra closely misses you.
The six-headed hydra bites you.
You die...
Your body glows with a rainbow of weird colours and disappears.

#.....#P......
#..#..##..#.#
#...#.Y.....##
#.....#.#...P##
##...#####....###
#..#.# ##..##.#
##...# #......
###...## #......
#@#....# ##......
##DY.### ##†.....#
#hY## ##..†...##
#....# #.##......
##...# ##†.......
#...........#.....
.#......###.##....
###..#P. ... ....
#..#.. #... ...#


You could see a six-headed hydra, 2 elephants and a black bear.

Vanquished Creatures
  2 hydras
  A two-headed ogre (D:10)
  A cyclops (D:9)
  2 black mambas
  4 cane toads
  2 kobold demonologists (D:10)
  2 komodo dragons (Lair:1)
  3 trolls
  2 polar bears (Lair:1)
  Prince Ribbit (D:6)
  4 blink frogs (Lair:1)
  3 wyverns (D:11)
  2 wraiths (D:10)
  6 basilisks
  35 yaks
  2 acid dragons
  2 water moccasins (Lair:1)
  2 orc warriors
  A sky beast (D:8)
  A black bear (D:4)
  3 wolves (D:11)
  4 centaurs
  3 phantoms
  5 kobold brigands
  7 bullfrogs
  2 scorpions
  12 killer bees
  5 howler monkeys
  A jelly (D:5)
  A bombardier beetle (D:5)
  3 hounds
  10 orc priests
  A sleepcap (D:5)
  Crazy Yiuf (D:7)
  An iguana (D:5)
  11 orc wizards
  7 gnolls
  7 adders
  2 shadow imps
  4 dart slugs
  6 ribbon worms
  47 orcs
  2 bats
  6 endoplasms
  3 giant cockroaches
  5 goblins
  6 hobgoblins
  3 jackals (D:1)
  17 kobolds
  3 quokkas
  8 ball pythons
  4 frilled lizards
  3 rats
281 creatures vanquished.

Vanquished Creatures (collateral kills)
  A two-headed ogre (D:8)
  Grum (D:11)
  A wolf (D:11)
  A howler monkey (D:8)
4 creatures vanquished.

Vanquished Creatures (others)
  An orc (D:7)
1 creature vanquished.

Grand Total: 286 creatures vanquished

Notes
Turn   | Place    | Note
-------+----------+-------------------------------------------
     0 | D:1      | groovy9 the Gargoyle Fighter began the quest for the Orb.
     0 | D:1      | Reached XP level 1. HP: 14/14 MP: 1/1
    69 | D:1      | Reached skill level 2 in Axes
   211 | D:1      | Reached XP level 2. HP: 19/19 MP: 2/2
   906 | D:2      | Reached XP level 3. HP: 23/23 MP: 3/3
   958 | D:2      | Noticed a phantom
   975 | D:2      | Killed a phantom
   976 | D:2      | Reached skill level 3 in Axes
   976 | D:2      | Reached XP level 4. HP: 12/29 MP: 4/4
  1184 | D:2      | Reached XP level 5. HP: 33/33 MP: 5/5
  2047 | D:3      | Reached XP level 6. HP: 18/38 MP: 6/6
  2157 | D:3      | Reached skill level 1 in Throwing
  2319 | D:3      | Found a glowing golden altar of the Shining One.
  2637 | D:4      | Found a sparkling altar of Nemelex Xobeh.
  2648 | D:4      | Became a worshipper of Nemelex Xobeh the Trickster
  2735 | D:4      | Noticed a black bear
  2830 | D:4      | Killed a black bear
  3021 | D:4      | Reached skill level 4 in Axes
  3344 | D:5      | Entered Level 5 of the Dungeon
  3392 | D:5      | Reached skill level 1 in Invocations
  3392 | D:5      | Reached XP level 7. HP: 44/44 MP: 7/7
  3463 | D:5      | Reached * piety under Nemelex Xobeh
  3646 | D:5      | Reached skill level 5 in Fighting
  3728 | D:5      | Reached skill level 5 in Armour
  3728 | D:5      | Reached skill level 5 in Shields
  3756 | D:5      | Reached XP level 8. HP: 36/49 MP: 9/9
  3984 | D:5      | Received a gift from Nemelex Xobeh
  4269 | D:6      | Found a snail-covered altar of Cheibriados.
  4311 | D:6      | Noticed Prince Ribbit
  4355 | D:6      | Killed Prince Ribbit
  4356 | D:6      | Reached skill level 5 in Axes
  5015 | D:6      | Reached ** piety under Nemelex Xobeh
  5178 | D:7      | Found a staircase to the Ecumenical Temple.
  5532 | D:7      | Identified the +1 leather armour "Wiaxod" {+Inv rF+ rN+}
  5550 | D:7      | Found a runed translucent door.
  5551 | D:7      | Noticed Crazy Yiuf
  5953 | D:7      | Killed Crazy Yiuf
  6033 | Temple   | Entered the Ecumenical Temple
  6067 | D:8      | Noticed a two-headed ogre
  6083 | D:8      | Killed a two-headed ogre
  6084 | D:8      | Reached skill level 6 in Axes
  6084 | D:8      | Reached XP level 9. HP: 34/55 MP: 10/12
  6985 | D:9      | Reached *** piety under Nemelex Xobeh
  6985 | D:9      | Received a gift from Nemelex Xobeh
  7102 | D:9      | Found a shimmering blue altar of Sif Muna.
  7105 | D:9      | Found a sacrificial altar of Ru.
  7106 | D:9      | Found a burning altar of Makhleb.
  7106 | D:9      | Found a hide-covered altar of Uskayaw.
  7359 | D:9      | Noticed a troll
  7359 | D:9      | Noticed a troll
  7553 | D:9      | Killed a troll
  7554 | D:9      | Reached skill level 7 in Axes
  7581 | D:9      | Reached XP level 10. HP: 61/61 MP: 13/13
  7582 | D:9      | Found a staircase to the Orcish Mines.
  7706 | D:9      | Reached skill level 5 in Invocations
  8140 | D:9      | Noticed a cyclops
  8146 | D:9      | Killed a cyclops
  8331 | D:9      | Reached skill level 5 in Throwing
  8337 | D:9      | Reached skill level 8 in Axes
  8507 | D:10     | Entered Level 10 of the Dungeon
  8785 | D:10     | Identified a scroll of acquirement
  8785 | D:10     | Acquired a manual of Invocations
  8795 | D:10     | Noticed a kobold demonologist
  8803 | D:10     | Noticed an orange demon
  8807 | D:10     | Killed a kobold demonologist
  8878 | D:10     | Noticed a two-headed ogre
  9146 | D:10     | Killed a two-headed ogre
  9291 | D:10     | Received a gift from Nemelex Xobeh
  9327 | D:10     | Reached XP level 11. HP: 68/68 MP: 15/15
  9572 | D:10     | Found Kufinyfio's Distillery.
  9589 | D:10     | Reached **** piety under Nemelex Xobeh
 10183 | D:11     | Found Fomaax's Island Escapes.
 10203 | D:11     | Noticed Grum
 10214 | D:11     | Identified the -1 hand axe "Orut" {spect, Will- Str+3}
 10219 | D:11     | HP: 2/68 [Grum/-1 halberd (7)]
 10222 | D:11     | Killed Grum
 10447 | D:11     | Identified the +1 scale mail "Cosok" {rN+ rCorr Dex+3}
 10585 | D:11     | Found a staircase to the Lair.
 10630 | D:11     | Reached skill level 9 in Axes
 11027 | Lair:1   | Entered Level 1 of the Lair of Beasts
 11483 | Lair:1   | Reached XP level 12. HP: 66/75 MP: 18/18
 11928 | Lair:1   | Reached skill level 10 in Axes
 12278 | Lair:1   | Received a gift from Nemelex Xobeh
 12280 | Lair:1   | Noticed a seven-headed hydra
 12295 | Lair:1   | Killed a seven-headed hydra
 12914 | Lair:2   | You fall into a shaft and drop 2 floors!
 12934 | Lair:4   | Noticed a five-headed hydra
 12953 | Lair:4   | Killed a five-headed hydra
 12985 | Lair:4   | Noticed a six-headed hydra
 13009 | Lair:4   | HP: 2/76 [six-headed hydra (10)]
 13010 | Lair:4   | Slain by a six-headed hydra

Illustrated notes

Levels and vault maps discovered:
D:1:      scummos_arrival_forest, layout_basic, minmay_misc_feat_chi
D:2:      layout_basic, minmay_indecisive_spiral
D:3:      cheibrodos_pilgrimage, layout_basic, nicolae_tso_swordbearing_angel,
          minmay_distorted
D:4:      layout_loops_cross, mainiacjoe_overflow_alcove_4
D:5:      layout_basic
D:6:      layout_loops_corners, amcnicky_altar_gilded, uniq_prince_ribbit1
D:7:      layout_cave_pools, minmay_temple_entry_mini_moons,
          uniq_crazy_yiuf_cottage
D:8:      layout_cave_pools
D:9:      layout_cave_pods, chequers_temple_overflow_statue_of_worship,
          erik_orc_3, serial_column_ruins, column_ruins_columns_straight,
          column_ruins_corridor_straight, column_ruins_corridor_corner,
          column_ruins_open_small, column_ruins_columns_corner,
          column_ruins_columns_straight, hangedman_abyss_or_decor_passed,
          kb_lookout_dungeons_type, nicolae_zen_rock_garden
D:10:     layout_stronghold, serial_shops, shop
D:11:     layout_rooms, erik_lair_dragon, nicolae_island_escapes, uniq_grum
Temple:   hellmonk_temple_of_storms
Lair:1:   layout_chaotic_city, grunt_megastairs_5, lemuel_fruit_tree
Lair:2:   lemuel_ratsnest, layout_loops_ring, spider_nest_entry_funnel_web,
          serial_bayou_crossing, serial_bayou_shore_b, infiniplex_staircase_pool
Lair:4:   layout_misc_corridors

Skill      XL: |  1  2  3  4  5  6  7  8  9 10 11 12 |
---------------+-------------------------------------+-----
Axes           | 2 3 4 6 7 8 9 10 | 10.4
Fighting       | 4 5 6 7 8 9 |  9.4
Armour         | 4 5 6 7 8 9 |  9.3
Shields        | 4 5 6 7 8 9 |  9.2
Throwing       | 1 2 3 4 5 6 7 |  7.0
Invocations    | 1 2 4 6 8 9 |  9.9

Action                     |  1- 3 |  4- 6 |  7- 9 | 10-12 || total
---------------------------+-------+-------+-------+-------++-------
  Melee: War axe           |    73 |   160 |   279 |   359 ||   871
         Flail             |       |       |       |    16 ||    16
  Throw: Boomerang         |       |    10 |    17 |    45 ||    72
 Invoke: Draw Destruction  |       |       |     2 |     2 ||     4
         Draw Summoning    |       |       |     1 |     2 ||     3
         Draw Escape       |       |       |     1 |     3 ||     4
    Use: Potion            |     1 |       |     1 |    10 ||    12
         Scroll            |       |     7 |     9 |    12 ||    28
 Armour: Scale mail        |    51 |    50 |     6 |   410 ||   517
         Chain mail        |       |    49 |   217 |       ||   266
  Dodge: Dodged            |    24 |   115 |   207 |   228 ||   574
  Block: Buckler           |    21 |    29 |    60 |       ||   110
